| TOP OF THE 1ST |
|
Seattle Mariners batting - Pitching for Baltimore Orioles : RHP Paul Schwartz
|
|
Pitching: RHP Paul Schwartz
|
|
|
Batting: LHB Dae-ik Yoon
|
0-0: Ball 1-0: Foul Ball, location: 2F 1-1: DOUBLE (Line Drive, 9LS, EV 91.2 MPH)
|
|
Batting: SHB Floyd-William Goof
|
0-0: SINGLE (Flyball, 78S, EV 88.1 MPH) Dae-ik Yoon to third Runner from 3rd tries for Home, SAFE, throw by LF to home
|
|
Batting: RHB Jimmy Hammertime
|
0-0: SINGLE (Groundball, 6MD, EV 99.4 MPH) Floyd-William Goof to second Runner from 2nd tries for 3rd, SAFE, throw by CF made to third
|
|
Batting: RHB Tony Vargas
|
0-0: Ball 1-0: Swinging Strike 1-1: Ball 2-1: Foul Ball, location: 2F 2-2: Ball 3-2: SINGLE (Line Drive, 4D, EV 100.0 MPH) Floyd-William Goof scores Jimmy Hammertime to second
|
|
Batting: RHB Jose Vasquez
|
0-0: Swinging Strike 0-1: Fielders Choice at 2nd, 5-4 (Groundball, 56, EV 84.4 MPH) Jimmy Hammertime to third
|
|
Batting: RHB Harutomi Matsubara
|
0-0: Called Strike 0-1: Foul Ball, location: 2F 0-2: Fly out, F9 (Flyball, 9S, EV 91.9 MPH)
|
|
Batting: RHB Corey Ottinger
|
0-0: Ball 1-0: SINGLE (Line Drive, 34D, EV 98.8 MPH) Jimmy Hammertime scores Jose Vasquez to second Runner from 2nd tries for 3rd, OUT! 9-5
|
| Top of the 1st over - 3 runs, 5 hits, 0 errors, 1 left on base; Seattle 3 - Baltimore 0 |
| BOTTOM OF THE 1ST |
|
Baltimore Orioles batting - Pitching for Seattle Mariners : RHP Nate Jackson
|
|
Pitching: RHP Nate Jackson
|
|
|
Batting: RHB Mike Hayward
|
0-0: Called Strike 0-1: Ball 1-1: Ball 2-1: Ball 3-1: Fly out, F8 (Flyball, 8LD, EV 89.4 MPH)
|
|
Batting: LHB Jose Chinchilla
|
0-0: Fly out, F8 (Flyball, 8LD, EV 80.0 MPH)
|
|
Batting: RHB Rudo Garciaparra
|
0-0: Ball 1-0: Foul Ball, location: 2F 1-1: Fly out, F8 (Flyball, 8RS, EV 93.8 MPH)
|
| Bottom of the 1st over - 0 runs, 0 hits, 0 errors, 0 left on base; Seattle 3 - Baltimore 0 |
| TOP OF THE 2ND |
|
Seattle Mariners batting - Pitching for Baltimore Orioles : RHP Paul Schwartz
|
|
Batting: LHB Jerrod Cluck
|
0-0: Called Strike 0-1: Foul Ball, location: 2F 0-2: Strikes out swinging
|
|
Batting: RHB Malik Brookshire
|
0-0: Ball 1-0: SINGLE (Line Drive, 89M, EV 95.0 MPH)
|
|
Batting: LHB Dae-ik Yoon
|
0-0: Ball 1-0: Called Strike 1-1: Called Strike 1-2: Ball 2-2: Ball 3-2: Base on Balls Malik Brookshire to second
|
|
Batting: SHB Floyd-William Goof
|
0-0: Swinging Strike 0-1: Ball 1-1: Ball 2-1: Swinging Strike 2-2: SINGLE (Line Drive, 89S, EV 92.5 MPH) Malik Brookshire to third Dae-ik Yoon to second
|
|
Batting: RHB Jimmy Hammertime
|
0-0: Foul Ball, location: 2F 0-1: Ball 1-1: Ball 2-1: Called Strike 2-2: Fly out, F9 (Flyball, 89M, EV 90.6 MPH) Runner from 3rd tags up, SCORES, throw by RF Dae-ik Yoon to third
|
|
Batting: RHB Tony Vargas
|
0-0: Swinging Strike 0-1: Ball 1-1: Foul Ball, location: 2F 1-2: Strikes out swinging
|
| Top of the 2nd over - 1 run, 2 hits, 0 errors, 2 left on base; Seattle 4 - Baltimore 0 |
| BOTTOM OF THE 2ND |
|
Baltimore Orioles batting - Pitching for Seattle Mariners : RHP Nate Jackson
|
|
Batting: LHB Tyler Allen
|
0-0: Foul Ball, location: 2F 0-1: Ball 1-1: Fly out, F4 (Popup, 13, EV 71.9 MPH)
|
|
Batting: SHB Jason Hayes
|
0-0: Ball 1-0: Fly out, F8 (Flyball, 8RD, EV 94.4 MPH)
|
|
Batting: RHB Marc Peckermark
|
0-0: Ball 1-0: Ball 2-0: Called Strike 2-1: Ball 3-1: Swinging Strike 3-2: SOLO HOME RUN (Flyball, 7LD, EV 93.8 MPH), Distance : 370 ft
|
|
Batting: RHB Muneer Maudad
|
0-0: Called Strike 0-1: Ground out 6-3 (Groundball, 6, EV 87.5 MPH)
|
| Bottom of the 2nd over - 1 run, 1 hit, 0 errors, 0 left on base; Seattle 4 - Baltimore 1 |
| TOP OF THE 3RD |
|
Seattle Mariners batting - Pitching for Baltimore Orioles : RHP Paul Schwartz
|
|
Batting: RHB Jose Vasquez
|
0-0: Ground out 1-3 (Groundball, 13, EV 70.0 MPH)
|
|
Batting: RHB Harutomi Matsubara
|
0-0: Ball 1-0: Ball 2-0: Called Strike 2-1: Ball 3-1: SINGLE (Groundball, 5S, EV 95.6 MPH)
|
|
Batting: RHB Corey Ottinger
|
0-0: Called Strike Harutomi Matsubara steals 2nd base (no throw) 0-1: Swinging Strike 0-2: Strikes out swinging
|
|
Batting: LHB Jerrod Cluck
|
0-0: Called Strike 0-1: Ball 1-1: Called Strike 1-2: SINGLE (Line Drive, 78S, EV 106.9 MPH) Harutomi Matsubara to third
|
|
Batting: RHB Malik Brookshire
|
0-0: Called Strike 0-1: Ball 1-1: Fielders Choice at 2nd, 6-4 (Groundball, 6, EV 89.4 MPH)
|
| Top of the 3rd over - 0 runs, 2 hits, 0 errors, 2 left on base; Seattle 4 - Baltimore 1 |
| BOTTOM OF THE 3RD |
|
Baltimore Orioles batting - Pitching for Seattle Mariners : RHP Nate Jackson
|
|
Batting: SHB Robert Handy
|
0-0: Foul Ball, location: 2F 0-1: Foul Ball, location: 2F 0-2: Ball 1-2: Strikes out looking
|
|
Batting: RHB Bobby Scholl
|
0-0: Ball 1-0: Called Strike 1-1: Foul Ball, location: 2F 1-2: Foul Ball, location: 2F 1-2: Fly out, F8 (Flyball, 8RD, EV 101.2 MPH)
|
|
Batting: RHB Mike Hayward
|
0-0: Ground out 4-3 (Groundball, 4MD, EV 90.0 MPH)
|
| Bottom of the 3rd over - 0 runs, 0 hits, 0 errors, 0 left on base; Seattle 4 - Baltimore 1 |
| TOP OF THE 4TH |
|
Seattle Mariners batting - Pitching for Baltimore Orioles : RHP Paul Schwartz
|
|
Pinch Hitting: LHB Bi-jun Chien
|
0-0: Called Strike 0-1: Called Strike 0-2: Ball 1-2: SINGLE (Line Drive, 56, EV 99.4 MPH)
|
|
Batting: SHB Floyd-William Goof
|
0-0: Ball Bi-jun Chien steals 2nd base 1-0: Swinging Strike 1-1: SINGLE (Flyball, 8LS, EV 92.5 MPH) Bi-jun Chien to third
|
|
Batting: RHB Jimmy Hammertime
|
0-0: Ball Floyd-William Goof steals 2nd base 1-0: Swinging Strike 1-1: Called Strike 1-2: SINGLE (Groundball, 56S, EV 65.6 MPH) (infield hit) Bi-jun Chien scores Floyd-William Goof to third
|
|
DELAY
|
Rain delay of 67 minutes in the 4th inning.
|
|
Pitching: RHP Zachery Noyes
|
|
|
Batting: RHB Tony Vargas
|
0-0: Called Strike 0-1: Ball 1-1: Called Strike 1-2: SINGLE (Flyball, 8RS, EV 90.6 MPH) Floyd-William Goof scores Jimmy Hammertime to second
|
|
Batting: RHB Jose Vasquez
|
0-0: Swinging Strike 0-1: Swinging Strike 0-2: Foul Ball, location: 2F 0-2: Foul Ball, location: 2F 0-2: Ball 1-2: Foul Ball, location: 2F 1-2: 3-RUN HOME RUN (Flyball, 78XD, EV 115.6 MPH), Distance : 446 ft
|
|
Batting: RHB Harutomi Matsubara
|
0-0: Called Strike 0-1: Swinging Strike 0-2: Strikes out looking
|
|
Batting: LHB Ryan Lowe
|
0-0: Ball 1-0: Called Strike 1-1: Fly out, F9 (Flyball, 9LM, EV 99.4 MPH)
|
|
Batting: LHB Jerrod Cluck
|
0-0: Called Strike 0-1: Called Strike 0-2: Strikes out swinging
|
| Top of the 4th over - 5 runs, 5 hits, 0 errors, 0 left on base; Seattle 9 - Baltimore 1 |
| BOTTOM OF THE 4TH |
|
Baltimore Orioles batting - Pitching for Seattle Mariners : RHP Nate Jackson
|
|
Now in RF: Bi-jun Chien
|
|
|
Batting: LHB Jose Chinchilla
|
0-0: Ball 1-0: Called Strike 1-1: Foul Ball, location: 2F 1-2: Ground out U3 (Groundball, 3, EV 78.1 MPH)
|
|
Batting: RHB Rudo Garciaparra
|
0-0: Called Strike 0-1: Ball 1-1: Foul Ball, location: 2F 1-2: Foul Ball, location: 2F 1-2: Ground out 5-3 (Groundball, 56, EV 86.2 MPH)
|
|
Batting: LHB Tyler Allen
|
0-0: Called Strike 0-1: Ball 1-1: Fly out, F9 (Flyball, 89XD, EV 106.2 MPH)
|
| Bottom of the 4th over - 0 runs, 0 hits, 0 errors, 0 left on base; Seattle 9 - Baltimore 1 |
| TOP OF THE 5TH |
|
Seattle Mariners batting - Pitching for Baltimore Orioles : RHP Zachery Noyes
|
|
Batting: RHB Malik Brookshire
|
0-0: Ground out 6-3 (Groundball, 6M, EV 80.0 MPH)
|
|
Batting: LHB Bi-jun Chien
|
0-0: Ball 1-0: Foul Ball, location: 2F 1-1: Swinging Strike 1-2: Ground out 6-3 (Groundball, 56, EV 103.8 MPH)
|
|
Pinch Hitting: RHB Leon Alders
|
0-0: Called Strike 0-1: Swinging Strike 0-2: Ball 1-2: Strikes out looking
|
| Top of the 5th over - 0 runs, 0 hits, 0 errors, 0 left on base; Seattle 9 - Baltimore 1 |
| BOTTOM OF THE 5TH |
|
Baltimore Orioles batting - Pitching for Seattle Mariners : RHP Nate Jackson
|
|
Now at 1B: Leon Alders
|
|
|
Now at 2B: Bill Vives
|
|
|
Now at 3B: Young-kwang Ohnn
|
|
|
Batting: SHB Jason Hayes
|
0-0: Ball 1-0: Called Strike 1-1: Swinging Strike 1-2: Ground out 5-3 (Groundball, 6, EV 86.2 MPH)
|
|
Batting: RHB Marc Peckermark
|
0-0: Foul Ball, location: 2F 0-1: Swinging Strike 0-2: Ball 1-2: Ball 2-2: Ball 3-2: Foul Ball, location: 2F 3-2: Strikes out swinging
|
|
Batting: RHB Muneer Maudad
|
0-0: Foul Ball, location: 2F 0-1: Ball 1-1: SINGLE (Line Drive, 89M, EV 96.2 MPH)
|
|
Pitching: RHP Dwain Ashford
|
|
|
Batting: SHB Robert Handy
|
0-0: Ball 1-0: Ball 2-0: Ball 3-0: Base on Balls Muneer Maudad to second
|
|
Batting: RHB Bobby Scholl
|
0-0: Ball 1-0: Swinging Strike 1-1: Ball 2-1: Swinging Strike 2-2: Foul Ball, location: 2F 2-2: Ball 3-2: Base on Balls Muneer Maudad to third Robert Handy to second
|
|
Batting: RHB Mike Hayward
|
0-0: Called Strike 0-1: Swinging Strike 0-2: Ball 1-2: Ball 2-2: Ball 3-2: Base on Balls Muneer Maudad scores Robert Handy to third Bobby Scholl to second
|
|
Pinch Hitting: RHB Saimei Kudo
|
0-0: Called Strike 0-1: Foul Ball, location: 2F 0-2: Ball 1-2: Foul Ball, location: 2F 1-2: Ball 2-2: Ball 3-2: Strikes out swinging
|
| Bottom of the 5th over - 1 run, 1 hit, 0 errors, 3 left on base; Seattle 9 - Baltimore 2 |
| TOP OF THE 6TH |
|
Seattle Mariners batting - Pitching for Baltimore Orioles : RHP Zachery Noyes
|
|
Pitching: RHP Bobby Marble
|
|
|
Now at C: Johan de Vries
|
|
|
Now at 3B: Saimei Kudo
|
|
|
Now in RF: Blake Ballard
|
|
|
Batting: RHB Young-kwang Ohnn
|
0-0: Called Strike 0-1: Ball 1-1: Foul Ball, location: 2F 1-2: Strikes out swinging
|
|
Batting: RHB Tony Vargas
|
0-0: Called Strike 0-1: Ball 1-1: Ball 2-1: Foul Ball, location: 2F 2-2: Ball 3-2: Fly out, F8 (Flyball, 78S, EV 76.9 MPH)
|
|
Batting: RHB Jose Vasquez
|
0-0: Swinging Strike 0-1: Ball 1-1: Swinging Strike 1-2: Strikes out swinging
|
| Top of the 6th over - 0 runs, 0 hits, 0 errors, 0 left on base; Seattle 9 - Baltimore 2 |
| BOTTOM OF THE 6TH |
|
Baltimore Orioles batting - Pitching for Seattle Mariners : RHP Dwain Ashford
|
|
Pinch Hitting: LHB Brad Pepin
|
0-0: Foul Ball, location: 2F 0-1: Ball 1-1: SOLO HOME RUN (Flyball, 9D, EV 96.9 MPH), Distance : 376 ft
|
|
Pinch Hitting: LHB Bob Melley
|
0-0: Ball 1-0: Ball 2-0: Swinging Strike 2-1: Swinging Strike 2-2: Foul Ball, location: 2F 2-2: Fly out, F7 (Flyball, 78S, EV 86.9 MPH)
|
|
Batting: LHB Jesus Lozano
|
0-0: Called Strike 0-1: Ball 1-1: Called Strike 1-2: Fly out, F5 (Popup, 15, EV 78.1 MPH)
|
|
Batting: RHB Blake Ballard
|
0-0: Called Strike 0-1: Called Strike 0-2: Fly out, F7 (Line Drive, 8LM, EV 96.2 MPH)
|
| Bottom of the 6th over - 1 run, 1 hit, 0 errors, 0 left on base; Seattle 9 - Baltimore 3 |
| TOP OF THE 7TH |
|
Seattle Mariners batting - Pitching for Baltimore Orioles : RHP Bobby Marble
|
|
Pitching: RHP Terry Huffmaster
|
|
|
Now in LF: Brad Pepin
|
|
|
Now in CF: Bob Melley
|
|
|
Batting: RHB Harutomi Matsubara
|
0-0: Called Strike 0-1: Called Strike 0-2: Foul Ball, location: 2F 0-2: Ball 1-2: Ball 2-2: Strikes out swinging
|
|
Batting: LHB Ryan Lowe
|
0-0: Called Strike 0-1: Swinging Strike 0-2: Hit by Pitch
|
|
Batting: LHB Jerrod Cluck
|
0-0: Ball 1-0: Ball 2-0: Foul Ball, location: 2F 2-1: Ball 3-1: Base on Balls Ryan Lowe to second
|
|
Batting: RHB Bill Vives
|
0-0: Called Strike 0-1: Foul Ball, location: 2F 0-2: Grounds into double play, 5-4-3 (Groundball, 15, EV 85.0 MPH)
|
| Top of the 7th over - 0 runs, 0 hits, 0 errors, 1 left on base; Seattle 9 - Baltimore 3 |
| BOTTOM OF THE 7TH |
|
Baltimore Orioles batting - Pitching for Seattle Mariners : RHP Dwain Ashford
|
|
Pitching: RHP Kurt Loscalzo
|
|
|
Pinch Hitting: LHB Paul Diaz
|
0-0: Called Strike 0-1: Ball 1-1: Foul Ball, location: 2F 1-2: Foul Ball, location: 2F 1-2: SINGLE (Line Drive, 56D, EV 94.4 MPH)
|
|
Batting: LHB Johan de Vries
|
0-0: Fly out, F7 (Flyball, 7, EV 86.9 MPH)
|
|
Pinch Hitting: RHB Andres Leon
|
0-0: Fly out, F9 (Flyball, 9D, EV 108.8 MPH)
|
|
Batting: RHB Mike Hayward
|
0-0: SINGLE (Flyball, 34D, EV 91.2 MPH) Paul Diaz to second Runner from 2nd tries for 3rd, SAFE, throw by RF made to third
|
|
Batting: RHB Saimei Kudo
|
0-0: Foul Ball, location: 2F 0-1: Ball 1-1: Ball 2-1: Foul Ball, location: 2F 2-2: Ground out 5-3 (Groundball, 56S, EV 89.4 MPH)
|
| Bottom of the 7th over - 0 runs, 2 hits, 0 errors, 2 left on base; Seattle 9 - Baltimore 3 |
| TOP OF THE 8TH |
|
Seattle Mariners batting - Pitching for Baltimore Orioles : RHP Terry Huffmaster
|
|
Pitching: RHP Andy Rondeau
|
|
|
Now at 1B: Paul Diaz
|
|
|
Now at SS: Andres Leon
|
|
|
Batting: LHB Bi-jun Chien
|
0-0: Swinging Strike 0-1: Ball 1-1: Foul Ball, location: 2F 1-2: Foul Ball, location: 2F 1-2: Ball 2-2: Foul Ball, location: 2F 2-2: Strikes out looking
|
|
Batting: RHB Leon Alders
|
0-0: Ball 1-0: Ground out 3-1 (Groundball, 34, EV 85.0 MPH)
|
|
Batting: RHB Young-kwang Ohnn
|
0-0: Swinging Strike 0-1: Fly out, F9 (Flyball, 9, EV 93.1 MPH)
|
| Top of the 8th over - 0 runs, 0 hits, 0 errors, 0 left on base; Seattle 9 - Baltimore 3 |
| BOTTOM OF THE 8TH |
|
Baltimore Orioles batting - Pitching for Seattle Mariners : RHP Kurt Loscalzo
|
|
Batting: LHB Brad Pepin
|
0-0: SINGLE (Flyball, 5D, EV 87.5 MPH)
|
|
Batting: LHB Bob Melley
|
0-0: Ball 1-0: Ball 2-0: Ball Wild Pitch! Brad Pepin to second 3-0: Base on Balls
|
|
Batting: LHB Jesus Lozano
|
0-0: Ball 1-0: Foul Ball, location: 2F 1-1: Called Strike 1-2: Strikes out swinging
|
|
Batting: RHB Blake Ballard
|
0-0: Ball 1-0: Reached on error, E4 (Groundball, 4M, EV 88.1 MPH) Brad Pepin to third Bob Melley to second
|
|
Batting: LHB Paul Diaz
|
0-0: Ball 1-0: Ball 2-0: Swinging Strike 2-1: Swinging Strike 2-2: Foul Ball, location: 2F 2-2: Strikes out looking
|
|
Batting: LHB Johan de Vries
|
0-0: Ball 1-0: Called Strike 1-1: Reached on error, E4 (Groundball, 4, EV 107.5 MPH) Brad Pepin scores Bob Melley to third Blake Ballard to second
|
|
Pitching: RHP William de Jesus
|
|
|
Pinch Hitting: SHB Aldo Questi
|
0-0: Foul Ball, location: 2F 0-1: Ball 1-1: Foul Ball, location: 2F 1-2: Ball 2-2: Fly out, F8 (Flyball, 8LD, EV 98.1 MPH)
|
| Bottom of the 8th over - 1 run, 1 hit, 2 errors, 3 left on base; Seattle 9 - Baltimore 4 |
| TOP OF THE 9TH |
|
Seattle Mariners batting - Pitching for Baltimore Orioles : RHP Andy Rondeau
|
|
Pitching: RHP Jay Rapini
|
|
|
Now at SS: Jesse Basich
|
|
|
Pinch Hitting: SHB Nelson Powell
|
0-0: Swinging Strike 0-1: Ball 1-1: Ball 2-1: Foul Ball, location: 2F 2-2: Strikes out swinging
|
|
Batting: RHB Jose Vasquez
|
0-0: Foul Ball, location: 2F 0-1: Foul Ball, location: 2F 0-2: Ball 1-2: Ground out 6-3 (Groundball, 6, EV 82.5 MPH)
|
|
Batting: RHB Harutomi Matsubara
|
0-0: Ball 1-0: Foul Ball, location: 2F 1-1: Called Strike 1-2: Strikes out swinging
|
| Top of the 9th over - 0 runs, 0 hits, 0 errors, 0 left on base; Seattle 9 - Baltimore 4 |
| BOTTOM OF THE 9TH |
|
Baltimore Orioles batting - Pitching for Seattle Mariners : RHP William de Jesus
|
|
Now at C: Nelson Powell
|
|
|
Batting: RHB Mike Hayward
|
0-0: Ball 1-0: Called Strike 1-1: Called Strike 1-2: Foul Ball, location: 2F 1-2: Ground out 1-3 (Groundball, 34S, EV 66.2 MPH)
|
|
Pinch Hitting: LHB Ben Rubenacker
|
0-0: Called Strike 0-1: Swinging Strike 0-2: Ball 1-2: Ground out 6-3 (Groundball, 6S, EV 70.0 MPH)
|
|
Pinch Hitting: LHB Gabe Pace
|
0-0: Foul Ball, location: 2F 0-1: Ball 1-1: Ball 2-1: Foul Ball, location: 2F 2-2: Ball 3-2: Strikes out swinging
|
| Bottom of the 9th over - 0 runs, 0 hits, 0 errors, 0 left on base; Seattle 9 - Baltimore 4 |
|